 Dungeon Crawl Stone Soup version 0.31-a0-174-g85c54bcb58 (webtiles) character file.

Game seed: 4959801268569862155

22256 qw the Marksgargoyle (level 12, -2/77 HPs)
             Began as a Gargoyle Hunter on June 15, 2023.
             Was an Elder of Okawaru.
             Slain by a death yak (10 damage)
             ... on level 3 of the Lair of Beasts.
             The game lasted 00:05:18 (12968 turns).

qw the Marksgargoyle (Gargoyle Hunter)             Turns: 12968, Time: 00:05:19

Health: -2/77      AC: 28    Str: 15    XL:     12   Next: 98%
Magic:  19/19      EV: 20    Int: 14    God:    Okawaru [****..]
Gold:   441        SH:  0    Dex: 26    Spells: 11/11 levels left

rFire   + + .        s - +1 longbow of Nuzxid {freeze, rC+ Dex+4}
rCold   + . .        (shield currently unavailable)
rNeg    + . .        t - +3 ring mail
rPois   inf          b - +0 helmet
rElec   +            g - +0 cloak
rCorr   .            r - +1 pair of gloves
SInv    .            k - +0 pair of boots
Will    .....        m - amulet of faith
Stlth   +++          n - +6 ring of dexterity
HPRegen 0.32/turn    w - ring of protection from fire
MPRegen 0.16/turn

%: faith
@: about to teleport, heroic
A: sickness immunity, AC +8, negative energy resistance 1, electricity
resistance, torment resistance 1, petrification resistance, iridescent scales 1,
clever 1, fire resistance 1
a: Renounce Religion, Heroism, Finesse


You were on level 3 of the Lair of Beasts.
You worshipped Okawaru.
Okawaru was greatly pleased with you.
You visited 3 branches of the dungeon, and saw 16 of its levels.

You collected 881 gold pieces.
You spent 440 gold pieces at shops.


Innate Abilities, Weirdness & Mutations

You are immune to sickness and miasma.
Your stone body is resilient. (AC +8)
You are immune to poison.
You resist negative energy. (rN+)
You are resistant to electric shocks. (rElec)
You are resistant to unholy torment.
You are immune to petrification.
You are partially covered in iridescent scales. (AC +2)
Your mind is acute. (Int +4, Str/Dex -1)
Your flesh is heat resistant. (rF+)


   Skills:
 - Level 10.0(15.0) Fighting
 + Level 15.0(20.0) Ranged Weapons
 - Level 6.0(11.0) Armour
 - Level 6.2(11.2) Dodging
 - Level 1.1(6.1) Stealth
 - Level 10.0 Invocations


You had 11 spell levels left.
You didn't know any spells.
Your spell library was empty.

Inventory:

Hand Weapons
 s - the +1 longbow of Nuzxid (weapon) {freeze, rC+ Dex+4}
   (Okawaru gifted it to you on level 3 of the Lair of Beasts)

   Dex:       It affects your dexterity (+4).
   rC:        It protects you from cold.
 v - a +1 heavy arbalest
Armour
 b - a +0 helmet (worn)
 f - a +1 robe of resistance
 g - a +0 cloak (worn)
 k - a +0 pair of boots (worn)
 r - a +1 pair of gloves (worn)
 t - a +3 ring mail (worn)
 y - a +2 robe of cold resistance
Jewellery
 h - a ring of positive energy
 m - an amulet of faith (around neck)
 n - a +6 ring of dexterity (left hand)
 w - a ring of protection from fire (right hand)
 z - a ring of ice
Scrolls
 a - a scroll of identify
 q - 4 scrolls of teleportation
 B - a scroll of enchant weapon
Potions
 c - 8 potions of curing
 d - 4 potions of cancellation
 e - 2 potions of might
 i - 4 potions of heal wounds
 j - 3 potions of haste
 l - a potion of attraction
 o - 2 potions of magic
 p - a potion of lignification
 u - a potion of resistance
 x - a potion of mutation
 A - a potion of invisibility {unknown}

Dungeon Overview and Level Annotations

Branches:
Dungeon (10/15)            Temple (1/1) D:4            Lair (5/5) D:10
  Swamp (0/4) Lair:3        Snake (0/4) Lair:3
  Slime: Lair:4-5       Orc: D:9-12

Altars:
Ashenzari
Cheibriados
Dithmenos
Elyvilon
Fedhas
Gozag
Hepliaklqana
Kikubaaqudgha
Makhleb
Nemelex Xobeh
Okawaru
Qazlal
Ru
Sif Muna
Trog
Uskayaw
Vehumet
Wu Jian
Xom
Yredelemnul
Zin
The Shining One

Shops:
D:9 *!*[

Annotations:
D:6 1 runed translucent door, qw's ghost, novice GrFi


Message History

The arrow hits the death yak but does no damage.
The death yak is moderately wounded.
The death yak gores you! The death yak barely misses you.
You shoot an arrow.
The arrow hits the death yak but does no damage.
The death yak is moderately wounded.
The death yak gores you! x2
12962 ||| STAIRDANCE The death yak gores you but does no damage.
The death yak completely misses you. x2; The death yak misses you.
The death yak closely misses you.
You climb upwards.
There is a stone staircase leading down here.
You shoot an arrow. The arrow hits the death yak.
The arrow freezes the death yak.
The death yak is moderately wounded.
The death yak barely misses you. The death yak misses you.
The death yak closely misses you. The death yak gores you!
The death yak completely misses you.
You shoot an arrow. The arrow hits the death yak!!
The arrow freezes the death yak.
The death yak is heavily wounded.
You shoot an arrow. The arrow hits the death yak!
The arrow freezes the death yak!
The death yak is severely wounded.
The death yak completely misses you.
The death yak gores you but does no damage. x2
The death yak closely misses you. x2
You shoot an arrow. The arrow hits the death yak.
The arrow freezes the death yak.
The death yak is almost dead.
The death yak gores you but does no damage.
The death yak closely misses you. The death yak gores you! x2
The death yak closely misses you.
12968 ||| READING 5 scrolls of teleportation.
As you read the scroll of teleportation, it crumbles to dust.
You feel strangely unstable.
The death yak gores you but does no damage.
The death yak gores you!
You die...

### ### ###### #.## ###### ####
#.####..#.# ##.## ###P...###P.#
##.......## ..%.###.........P.#
##......... .....##.....)....P#
##........#.
.%.%..#...........####.........#.
..!....'...[.......#.#.#.......#.
.%.%..##.......YY.##........<....
.%.%#..#........@...>..........#.
....'.##..(....YYY'.##.#........#
..%!#.##..........######........#
..%..##..+####.#### ##P..#..###
...%####..# ### #...##### ..#.#
#..# ##.## ...## #..# ### ##.<#
#.## ##+.#####P# ####..###### #
#######.........###.#.+#.#.#.####


You could see 5 death yaks.

Vanquished Creatures
  Gastronok (Lair:1)
  A hydra (Lair:3)
  Fannar (Lair:3)
  Erica (Lair:1)
  A skyshark (Lair:3)
  Pikel (D:8)
  A black mamba (Lair:2)
  2 cane toads
  5 komodo dragons (Lair:3)
  3 trolls
  A queen bee (Lair:3)
  Prince Ribbit (D:7)
  A hornet (D:9)
  4 blink frogs (Lair:3)
  A shadow (D:10)
  A wyvern (D:8)
  37 yaks
  2 steam dragons (D:9)
  3 fire bats (Lair:3)
  2 swamp worms (Lair:3)
  An acid dragon (D:8)
  4 nagas (Lair:3)
  7 water moccasins
  5 orc warriors
  3 black bears
  An ice beast (D:7)
  12 wolves
  2 centaurs (D:7)
  A lemure (D:8)
  2 phantoms
  4 kobold brigands
  13 bullfrogs
  4 scorpions
  A jelly (D:6)
  5 wights (D:7)
  31 killer bees
  4 howler monkeys
  A gnoll bouda (D:7)
  4 hounds
  8 orc priests
  Jessica (D:3)
  Natasha (thrice) (D:4)
  5 iguanas
  A sleepcap (D:6)
  10 orc wizards
  Robin (D:3)
  8 gnolls
  8 adders
  A shadow imp (D:5)
  A white imp (D:5)
  4 worms
  47 orcs
  7 endoplasms
  2 giant cockroaches
  15 goblins
  7 hobgoblins
  3 jackals (D:2)
  21 kobolds
  3 quokkas
  4 ball pythons
  4 bats
  A frilled lizard (D:1)
  3 rats
343 creatures vanquished.

Notes
Turn   | Place    | Note
-------+----------+-------------------------------------------
     0 | D:1      | qw the Gargoyle Hunter began the quest for the Orb.
     0 | D:1      | Reached XP level 1. HP: 12/12 MP: 1/1
     0 | D:1      | 0 ||| qw: Version: 0.2-a-29-g511e9b1
     0 | D:1      | 0 ||| qw: Game counter: 5622
     0 | D:1      | 0 ||| qw: Always use a shield: true
     0 | D:1      | 0 ||| qw: God list: Okawaru
     0 | D:1      | 0 ||| qw: Allow faded altars: false
     0 | D:1      | 0 ||| qw: Do Orc after D:15 true
     0 | D:1      | 0 ||| qw: Do second Lair branch before Depths: true
     0 | D:1      | 0 ||| qw: Lair rune preference: random
     0 | D:1      | 0 ||| qw: Plans: Normal, Zot:1-4, Slime:5, God:TSO, Crypt,
                  | Tomb, Abyss, Pan, Hells, Win
     0 | D:1      | 0 ||| PLANNING D:1-11
   120 | D:1      | Reached XP level 2. HP: 17/17 MP: 2/2
   659 | D:1      | 659 ||| UPGRADING to +0 cloak.
   664 | D:1      | 664 ||| UPGRADING to +0 ring mail.
   674 | D:1      | 674 ||| DROPPING +0 leather armour.
   675 | D:1      | 675 ||| DROPPING scarf of shadows.
   676 | D:1      | 676 ||| READING 2 scrolls labelled MEPAOS NECLI.
   677 | D:1      | 677 ||| READING scroll labelled ORA CISTIDAU.
   678 | D:1      | 678 ||| DRINKING 2 red potions.
   679 | D:1      | 679 ||| DROPPING scroll of butterflies.
   952 | D:2      | Reached XP level 3. HP: 21/21 MP: 3/3
  1038 | D:2      | Reached skill level 1 in Armour
  1183 | D:2      | Reached skill level 5 in Ranged Weapons
  1300 | D:2      | 1300 ||| READING scroll labelled RIGALAH PEC POAH.
  1301 | D:2      | 1301 ||| READING 2 scrolls of identify.
  1301 | D:2      | 1301 ||| IDENTIFYING bubbling white potion
  1372 | D:3      | Noticed Robin
  1382 | D:3      | Killed Robin
  1385 | D:3      | Reached XP level 4. HP: 26/27 MP: 4/4
  1389 | D:3      | Reached skill level 3 in Fighting
  1389 | D:3      | 1389 ||| STAIRDANCE
  1535 | D:3      | Noticed Jessica
  1571 | D:3      | Killed Jessica
  1572 | D:3      | Reached XP level 5. HP: 32/32 MP: 5/5
  1994 | D:3      | 1994 ||| Stepping ~*~*~tactically~*~*~ (outnumbered).
  1998 | D:3      | Reached skill level 6 in Ranged Weapons
  2326 | D:3      | 2326 ||| UPGRADING to +0 helmet.
  2331 | D:3      | 2331 ||| UPGRADING to +1 robe of resistance.
  2341 | D:3      | 2341 ||| READING scroll labelled VUD WUPISS.
  2345 | D:3      | 2345 ||| DRINKING 3 sapphire potions.
  2346 | D:3      | 2346 ||| READING 3 scrolls of identify.
  2346 | D:3      | 2346 ||| IDENTIFYING murky coppery potion
  2347 | D:3      | 2347 ||| DROPPING potion of brilliance.
  2392 | D:4      | Reached XP level 6. HP: 35/38 MP: 6/6
  2466 | D:4      | 2466 ||| Stepping ~*~*~tactically~*~*~ (water).
  2611 | D:4      | Reached skill level 7 in Ranged Weapons
  2740 | D:4      | Reached XP level 7. HP: 22/43 MP: 7/7
  2849 | D:4      | Found a staircase to the Ecumenical Temple.
  2850 | D:4      | 2850 ||| PLANNING TEMPLE
  2850 | D:4      | 2850 ||| READING 2 scrolls of identify.
  2850 | D:4      | 2850 ||| IDENTIFYING clear potion
  2856 | Temple   | Entered the Ecumenical Temple
  2948 | Temple   | 2948 ||| PLANNING OKAWARU WORSHIP
  3190 | Temple   | Became a worshipper of Warmaster Okawaru
  3191 | Temple   | 3191 ||| PLANNING D:1-11
  3232 | D:4      | Noticed Natasha
  3234 | D:4      | Killed Natasha
  3480 | D:4      | 3480 ||| Stepping ~*~*~tactically~*~*~ (outnumbered).
  3640 | D:4      | Noticed Natasha
  3652 | D:4      | Killed Natasha
  3741 | D:4      | Noticed Natasha
  3743 | D:4      | Killed Natasha
  3815 | D:4      | 3815 ||| UPGRADING to +0 pair of boots.
  3820 | D:4      | 3820 ||| READING scroll labelled WUMMIRCH CONIRPH.
  3851 | D:5      | Entered Level 5 of the Dungeon
  4164 | D:5      | Reached skill level 8 in Ranged Weapons
  4398 | D:5      | 4398 ||| UPGRADING to +6 ring of dexterity.
  4399 | D:5      | 4399 ||| DRINKING 3 orange potions.
  4400 | D:5      | 4400 ||| DRINKING 2 murky sapphire potions.
  4448 | D:6      | 4448 ||| Stepping ~*~*~tactically~*~*~ (outnumbered).
  4450 | D:6      | 4450 ||| Stepping ~*~*~tactically~*~*~ (outnumbered).
  4457 | D:6      | Reached * piety under Okawaru
  4458 | D:6      | 4458 ||| INVOKING Heroism.
  4463 | D:6      | Reached XP level 8. HP: 27/50 MP: 5/8
  4565 | D:6      | 4565 ||| UPGRADING to +0 arbalest.
  4566 | D:6      | 4566 ||| DROPPING +1 shortbow.
  4716 | D:6      | Reached skill level 1 in Invocations
  4719 | D:6      | 4719 ||| INVOKING Heroism.
  4720 | D:6      | 4720 ||| INVOKING Heroism.
  4736 | D:6      | 4736 ||| INVOKING Heroism.
  5015 | D:6      | Reached skill level 3 in Invocations
  5110 | D:6      | Found a runed translucent door.
  5115 | D:6      | Noticed qw's ghost (novice GrFi)
  5284 | D:6      | 5284 ||| UPGRADING to +0 pair of gloves.
  5289 | D:6      | 5289 ||| READING scroll labelled SOCOIRAXZY.
  5290 | D:6      | 5290 ||| DRINKING 2 fizzy cyan potions.
  5291 | D:6      | 5291 ||| DROPPING potion of enlightenment.
  5336 | D:7      | 5336 ||| INVOKING Heroism.
  5355 | D:7      | 5355 ||| INVOKING Heroism.
  5365 | D:7      | Reached skill level 9 in Ranged Weapons
  5575 | D:7      | 5575 ||| INVOKING Heroism.
  5578 | D:7      | Reached skill level 3 in Dodging
  5715 | D:7      | Reached XP level 9. HP: 55/55 MP: 12/12
  5721 | D:7      | Reached skill level 6 in Fighting
  5802 | D:7      | Found a blossoming altar of Fedhas.
  5824 | D:7      | Noticed Prince Ribbit
  5825 | D:7      | 5825 ||| INVOKING Heroism.
  5834 | D:7      | Killed Prince Ribbit
  5834 | D:7      | Reached ** piety under Okawaru
  5915 | D:7      | Found an ornate altar of the Wu Jian Council.
  6133 | D:7      | 6133 ||| Stepping ~*~*~tactically~*~*~ (outnumbered).
  6137 | D:7      | Reached skill level 10 in Ranged Weapons
  6137 | D:7      | 6137 ||| FLEEEEING.
  6138 | D:7      | 6138 ||| Stepping ~*~*~tactically~*~*~ (outnumbered).
  6287 | D:7      | 6287 ||| UPGRADING to amulet of faith.
  6292 | D:7      | 6292 ||| READING scroll labelled LOMODI YTIGA.
  6293 | D:7      | 6293 ||| READING scroll labelled QAICIA DOEJOEB.
  6373 | D:8      | 6373 ||| INVOKING Heroism.
  6546 | D:8      | 6546 ||| INVOKING Heroism.
  6638 | D:8      | Noticed a troll
  6639 | D:8      | 6639 ||| INVOKING Heroism.
  6648 | D:8      | Killed a troll
  7034 | D:8      | Reached skill level 11 in Ranged Weapons
  7068 | D:8      | Noticed Pikel
  7068 | D:8      | 7068 ||| INVOKING Heroism.
  7078 | D:8      | Killed Pikel
  7079 | D:8      | Reached XP level 10. HP: 65/65 MP: 11/13
  7205 | D:8      | 7205 ||| INVOKING Heroism.
  7211 | D:8      | Reached *** piety under Okawaru
  7618 | D:8      | 7618 ||| DROPPING +0 ring mail.
  7619 | D:8      | 7619 ||| READING scroll labelled NESHRI SEOLEOSAL.
  7668 | D:9      | 7668 ||| INVOKING Heroism.
  7876 | D:9      | Found Qubipuj's Distillery.
  7884 | D:9      | 7884 ||| BUYING potion of curing (39 gold).
  7884 | D:9      | Bought a potion of curing for 39 gold pieces
  7884 | D:9      | 7884 ||| BUYING potion of curing (39 gold).
  7884 | D:9      | Bought a potion of curing for 39 gold pieces
  7884 | D:9      | 7884 ||| BUYING potion of curing (39 gold).
  7884 | D:9      | Bought a potion of curing for 39 gold pieces
  7884 | D:9      | 7884 ||| BUYING potion of lignification (39 gold).
  7884 | D:9      | Bought a potion of lignification for 39 gold pieces
  7884 | D:9      | 7884 ||| BUYING potion of magic (104 gold).
  7884 | D:9      | Bought a potion of magic for 104 gold pieces
  7884 | D:9      | 7884 ||| BUYING potion of resistance (130 gold).
  7884 | D:9      | Bought a potion of resistance for 130 gold pieces
  7902 | D:9      | Found Efid's General Store.
  7904 | D:9      | Found Atao's Armour Shoppe.
  7913 | D:9      | 7913 ||| SHOPLISTING +1 cloak (161 gold, have 73).
  7913 | D:9      | 7913 ||| SHOPLISTING +3 leather armour of cold resistance
                  | (336 gold, have 73).
  7913 | D:9      | 7913 ||| SHOPLISTING +3 salamander hide armour {Flames,
                  | rFlCloud rF++ rC--} (483 gold, have 73).
  7957 | D:9      | 7957 ||| INVOKING Heroism.
  7964 | D:9      | Reached skill level 12 in Ranged Weapons
  8020 | D:9      | Reached skill level 3 in Armour
  8037 | D:9      | 8037 ||| INVOKING Heroism.
  8048 | D:9      | 8048 ||| UPGRADING to ring of positive energy.
  8143 | D:9      | 8143 ||| INVOKING Heroism.
  8214 | D:9      | Found Umnuh's Assorted Antiques.
  8224 | D:9      | 8224 ||| BUYING bubbling purple potion (25 gold).
  8224 | D:9      | Bought a bubbling purple potion for 25 gold pieces
  8224 | D:9      | 8224 ||| BUYING grey potion (25 gold).
  8224 | D:9      | Bought a grey potion for 25 gold pieces
  8224 | D:9      | 8224 ||| SHOPLISTING potion of heal wounds (140 gold, have
                  | 81).
  8224 | D:9      | 8224 ||| SHOPLISTING potion of lignification (84 gold, have
                  | 81).
  8373 | D:9      | 8373 ||| DROPPING ring of fire.
  8374 | D:9      | 8374 ||| UPGRADING to ring of protection from fire.
  8376 | D:9      | 8376 ||| READING 2 scrolls of identify.
  8376 | D:9      | 8376 ||| IDENTIFYING bubbling pink potion
  8377 | D:9      | 8377 ||| DROPPING potion of ambrosia.
  8428 | D:10     | Entered Level 10 of the Dungeon
  8446 | D:10     | Reached **** piety under Okawaru
  8455 | D:10     | Found a staircase to the Lair.
  8473 | D:10     | 8473 ||| INVOKING Heroism.
  8504 | D:10     | 8504 ||| FLEEEEING.
  8505 | D:10     | 8505 ||| FLEEEEING.
  8517 | D:10     | 8517 ||| FLEEEEING.
  8518 | D:10     | 8518 ||| FLEEEEING.
  8525 | D:10     | 8525 ||| STAIRDANCE
  8650 | D:10     | Reached XP level 11. HP: 69/69 MP: 14/14
  8820 | D:10     | 8820 ||| INVOKING Heroism.
  9052 | D:10     | Reached skill level 6 in Invocations
  9090 | D:10     | 9090 ||| READING scroll of enchant weapon.
  9090 | D:10     | 9090 ||| ENCHANTING +0 heavy arbalest.
  9260 | D:10     | 9260 ||| PLANNING LAIR
  9260 | D:10     | 9260 ||| READING scroll labelled JYNAUR VUAPIA.
  9261 | D:10     | 9261 ||| READING scroll labelled TACHAFU NERUD.
  9301 | Lair:1   | Entered Level 1 of the Lair of Beasts
  9359 | Lair:1   | Reached skill level 13 in Ranged Weapons
  9361 | Lair:1   | Reached ***** piety under Okawaru
  9364 | Lair:1   | 9364 ||| INVOKING Heroism.
  9410 | Lair:1   | 9410 ||| INVOKING Heroism.
  9549 | Lair:1   | Reached skill level 9 in Fighting
  9714 | Lair:1   | Noticed Gastronok
  9715 | Lair:1   | 9715 ||| INVOKING Heroism.
  9720 | Lair:1   | Killed Gastronok
  9778 | Lair:1   | 9778 ||| INVOKING Heroism.
  9798 | Lair:1   | 9798 ||| INVOKING Heroism.
 10006 | Lair:1   | Noticed Erica
 10007 | Lair:1   | 10007 ||| INVOKING Heroism.
 10008 | Lair:1   | 10008 ||| INVOKING Finesse.
 10013 | Lair:1   | Killed Erica
 10366 | Lair:1   | 10366 ||| DRINKING 2 grey potions.
 10367 | Lair:1   | 10367 ||| READING 2 scrolls of identify.
 10367 | Lair:1   | 10367 ||| IDENTIFYING murky grey potion
 10368 | Lair:1   | 10368 ||| DROPPING potion of berserk rage.
 10369 | Lair:1   | 10369 ||| DROPPING potion of degeneration.
 10407 | Lair:2   | 10407 ||| STAIRDANCE
 10413 | Lair:1   | 10413 ||| INVOKING Heroism.
 10416 | Lair:1   | Reached skill level 9 in Invocations
 10488 | Lair:2   | 10488 ||| STAIRDANCE
 10492 | Lair:1   | 10492 ||| INVOKING Heroism.
 10594 | Lair:2   | 10594 ||| INVOKING Heroism.
 10609 | Lair:2   | Reached skill level 14 in Ranged Weapons
 10609 | Lair:2   | Reached XP level 12. HP: 76/76 MP: 18/18
 11149 | Lair:2   | 11149 ||| READING scroll labelled SUMIVV LANIEBB.
 11150 | Lair:2   | 11150 ||| DRINKING 2 bubbling purple potions.
 11150 | Lair:2   | Gained mutation: Your mind is acute. (Int +4, Str/Dex -1)
                  | [potion of mutation]
 11150 | Lair:2   | Gained mutation: Your flesh is heat resistant. (rF+)
                  | [potion of mutation]
 11150 | Lair:2   | Gained mutation: You are partially covered in iridescent
                  | scales. (AC +2) [potion of mutation]
 11151 | Lair:2   | 11151 ||| UPGRADING to +3 ring mail.
 11173 | Lair:3   | 11173 ||| STAIRDANCE
 11177 | Lair:2   | 11177 ||| INVOKING Heroism.
 11295 | Lair:3   | 11295 ||| STAIRDANCE
 11300 | Lair:2   | 11300 ||| INVOKING Heroism.
 11375 | Lair:3   | 11375 ||| STAIRDANCE
 11450 | Lair:3   | 11450 ||| INVOKING Heroism.
 11453 | Lair:3   | Received a gift from Okawaru
 11511 | Lair:3   | Noticed Fannar
 11517 | Lair:3   | 11517 ||| INVOKING Heroism.
 11522 | Lair:3   | Killed Fannar
 11546 | Lair:3   | Reached skill level 6 in Armour
 11552 | Lair:3   | 11552 ||| INVOKING Heroism.
 11581 | Lair:3   | 11581 ||| INVOKING Heroism.
 11728 | Lair:3   | 11728 ||| INVOKING Heroism.
 11755 | Lair:3   | 11755 ||| FLEEEEING.
 11756 | Lair:3   | 11756 ||| FLEEEEING.
 11757 | Lair:3   | 11757 ||| FLEEEEING.
 11758 | Lair:3   | 11758 ||| FLEEEEING.
 11759 | Lair:3   | 11759 ||| FLEEEEING.
 11760 | Lair:3   | 11760 ||| FLEEEEING.
 11761 | Lair:3   | 11761 ||| FLEEEEING.
 11762 | Lair:3   | 11762 ||| FLEEEEING.
 11763 | Lair:3   | 11763 ||| FLEEEEING.
 11764 | Lair:3   | 11764 ||| FLEEEEING.
 11765 | Lair:3   | 11765 ||| FLEEEEING.
 11766 | Lair:3   | 11766 ||| FLEEEEING.
 11767 | Lair:3   | 11767 ||| FLEEEEING.
 11768 | Lair:3   | 11768 ||| FLEEEEING.
 11769 | Lair:3   | 11769 ||| FLEEEEING.
 11770 | Lair:3   | 11770 ||| FLEEEEING.
 11771 | Lair:3   | 11771 ||| STAIRDANCE
 11910 | Lair:3   | 11910 ||| STAIRDANCE
 11976 | Lair:3   | 11976 ||| INVOKING Heroism.
 11995 | Lair:3   | Identified the +1 longbow of Nuzxid {freeze, rC+ Dex+4}
                  | (Okawaru gifted it to you on level 3 of the Lair of Beasts)
 11995 | Lair:3   | Received a gift from Okawaru
 12001 | Lair:3   | 12001 ||| UPGRADING to +1 longbow of Nuzxid {freeze, rC+
                  | Dex+4}.
 12004 | Lair:3   | Found a staircase to the Snake Pit.
 12036 | Lair:3   | Noticed a skyshark
 12044 | Lair:3   | Killed a skyshark
 12089 | Lair:3   | You fall into a shaft and drop 2 floors!
 12089 | Lair:5   | Entered Level 5 of the Lair of Beasts
 12156 | Lair:3   | 12156 ||| READING scroll of enchant armour.
 12156 | Lair:3   | 12156 ||| ENCHANTING +0 pair of gloves.
 12163 | Lair:3   | 12163 ||| INVOKING Heroism.
 12278 | Lair:3   | 12278 ||| INVOKING Heroism.
 12306 | Lair:3   | 12306 ||| INVOKING Heroism.
 12343 | Lair:3   | 12343 ||| INVOKING Heroism.
 12457 | Lair:3   | Reached skill level 15 in Ranged Weapons
 12568 | Lair:3   | 12568 ||| INVOKING Heroism.
 12708 | Lair:3   | 12708 ||| INVOKING Heroism.
 12710 | Lair:3   | Noticed a six-headed hydra
 12721 | Lair:3   | Killed a six-headed hydra
 12722 | Lair:3   | Reached skill level 6 in Dodging
 12811 | Lair:3   | Found a staircase to the Swamp.
 12817 | Lair:3   | 12817 ||| READING 2 scrolls labelled YXOOJIWNUC.
 12918 | Lair:3   | 12918 ||| DROPPING scroll of silence.
 12954 | Lair:4   | Noticed a death yak
 12954 | Lair:4   | Noticed a death yak
 12954 | Lair:4   | Noticed a death yak
 12954 | Lair:4   | Noticed a death yak
 12954 | Lair:4   | Noticed a death yak
 12955 | Lair:4   | 12955 ||| INVOKING Heroism.
 12955 | Lair:4   | Noticed a death yak
 12962 | Lair:4   | 12962 ||| STAIRDANCE
 12967 | Lair:3   | HP: 19/77 [death yak (11)]
 12967 | Lair:3   | HP: 8/77 [death yak (11)]
 12968 | Lair:3   | 12968 ||| READING 5 scrolls of teleportation.
 12968 | Lair:3   | Slain by a death yak

Levels and vault maps discovered:
D:1:      spicycebolla_arrival_clurvy, layout_basic
D:2:      layout_basic, kennysheep_donut
D:3:      layout_loops_ring, nicolae_wormholes, uniq_robin, uniq_jessica
D:4:      layout_loops_ring, minmay_temple_entry_wispy, serial_rivers,
          chequers_serial_rivers_small_b, chequers_serial_rivers_small_a,
          chequers_serial_rivers_micro_d, chequers_serial_rivers_room_b,
          chequers_serial_rivers_small_3, chequers_serial_rivers_micro_c,
          uniq_natasha
D:5:      layout_rooms
D:6:      layout_basic, ebering_ghost_reflecting_pool
D:7:      wander_river, layout_gridville, fedhas_altar_4,
          nzn_wu_jian_council_hall, uniq_prince_ribbit1
D:8:      layout_layer_cave, nicolae_elevator_lobby_asterisk, uniq_pikel
D:9:      cheibrodos_steamvent, layout_long_grid, serial_shops,
          nicolae_shop_competitors_out_of_business, shop,
          nicolae_shop_gibbet_a_chance, shop
D:10:     layout_grid_maze, due_lair_maze_entry_diamond
Temple:   mainiacjoe_temple_cubbyholes
Lair:1:   layout_roguey, minivault_25, minivault_19,
          grunt_forest_small_clearing_treed, serial_bayou_shore_b,
          uniq_gastronok, uniq_erica
Lair:2:   layout_layer_cave, minivault_11, nicolae_quartered_pool_little
Lair:3:   layout_roguey [special_room_bee], palyth_hydra_swamp_entry,
          minmay_snake_entry_guardpost_small, nicolae_volcano_entry_batcave,
          infiniplex_staircase_pool_2, uniq_fannar
Lair:4:   nzn_winding_woodlands_three_and_one
          [nzn_winding_woodlands_5x15_pathside_ponds,
          nzn_winding_woodlands_5x15_parted, nzn_winding_woodlands_5x15_twine,
          nzn_winding_woodlands_center_diamonds], layout_cellular_growth
Lair:5:   minmay_lair_end_frog_pond, layout_cave_pods,
          minmay_slime_entry_oklob_open, eino_house_with_fridge,
          lemuel_fruit_fields

Skill      XL: |  1  2  3  4  5  6  7  8  9 10 11 12 |
---------------+-------------------------------------+-----
Armour         | 1 2 3 6 |  6.0
Ranged Weapons | 5 6 7 8 9 11 12 14 15 | 15.0
Fighting       | 3 4 5 8 9 10 | 10.0
Dodging        | 2 3 4 5 6 |  6.2
Invocations    | 4 5 9 10 | 10.0
Stealth        | |  1.1

Action                     |  1- 3 |  4- 6 |  7- 9 | 10-12 || total
---------------------------+-------+-------+-------+-------++-------
   Fire: Shortbow          |    90 |   236 |   121 |       ||   447
         Arbalest          |       |       |   182 |   392 ||   574
         Longbow           |       |       |       |    97 ||    97
 Invoke: Heroism           |       |       |    11 |    31 ||    42
         Finesse           |       |       |       |     1 ||     1
    Use: Scroll            |     4 |     2 |     5 |    10 ||    21
         Potion            |     1 |     1 |     3 |     2 ||     7
 Armour: Leather armour    |     6 |       |       |       ||     6
         Ring mail         |    25 |    27 |       |   180 ||   232
         Robe              |       |    44 |    62 |   105 ||   211
  Dodge: Dodged            |    28 |    73 |   143 |   607 ||   851

Table legend:
 A = Non-vault XP
 B = Vault XP
 C = Vault XP percentage of total XP
 D = Non-vault monster count
 E = Vault monster count
 F = Vault count percentage of total count
                 A         B        C        D         E       F
            +---------+---------+-------+---------+---------+-------
      Total |   21453 |   10342 |  32.5 |     276 |      66 |  19.3
            +---------+---------+-------+---------+---------+-------
        D:1 |      29 |       0 |   0.0 |      16 |       0 |   0.0
        D:2 |      33 |       2 |   5.7 |      13 |       1 |   7.1
        D:3 |     165 |      71 |  30.1 |      29 |       9 |  23.7
        D:4 |     487 |      35 |   6.7 |      23 |       1 |   4.2
        D:5 |     224 |       0 |   0.0 |       7 |       0 |   0.0
        D:6 |     682 |       5 |   0.7 |      12 |       1 |   7.7
        D:7 |    1414 |     274 |  16.2 |      32 |       1 |   3.0
        D:8 |    1668 |     673 |  28.7 |      38 |       1 |   2.6
        D:9 |    1937 |     371 |  16.1 |      27 |       2 |   6.9
       D:10 |    1206 |    1125 |  48.3 |      12 |      10 |  45.5
     Lair:1 |    5386 |    2310 |  30.0 |      32 |       2 |   5.9
     Lair:2 |    2455 |       0 |   0.0 |      13 |       0 |   0.0
     Lair:3 |    5767 |    5476 |  48.7 |      22 |      38 |  63.3
            +---------+---------+-------+---------+---------+-------
